 Dungeon Crawl Stone Soup version 0.32-a0-350-g4f4d228785 (webtiles) character file.

Game seed: 9638911151550367507

24988 n00bmints the Bludgeoner (level 12, -2/112 HPs)
             Began as a Minotaur Berserker on Feb 17, 2024.
             Was a Follower of Trog.
             Incinerated by a deep elf pyromancer (21 damage)
             ... with a pyre arrow
             ... on level 1 of the Elven Halls on Feb 18, 2024.
             The game lasted 01:52:20 (14852 turns).

n00bmints the Bludgeoner (Minotaur Berserker)      Turns: 14852, Time: 01:52:20

Health: -2/112     AC: 25    Str: 35    XL:     12   Next: 85%
Magic:  11/11      EV: 12    Int:  4    God:    Trog [*.....]
Gold:   1428       SH:  0    Dex: 10    Spells: 11/11 levels left

rFire   . . .        b - +10 great mace of Ritrid {flame, Will+ Str+2}
rCold   + . .        (shield currently unavailable)
rNeg    . . .        K - +7 Kryia's mail coat {PotionHeal*2 rC+}
rPois   .            a - +2 hat {Will+}
rElec   .            O - +2 cloak {Will+}
rCorr   .            (no gloves)
SInv    .            k - +2 pair of boots
Will    +++++        (no amulet)
Stlth   x              - ring of willpower
HPRegen 0.38/turn    M - +6 ring of strength
MPRegen 0.12/turn

%: no passive effects
@: on fire, on berserk cooldown, slowed, glowing, very slow
A: horns 2, retaliatory headbutt, strong-willed 1
a: Renounce Religion, Berserk


You were on level 1 of the Elven Halls.
You worshipped Trog.
Trog was aware of your devotion.
You visited 3 branches of the dungeon, and saw 13 of its levels.

You collected 1428 gold pieces.

Inventory:

Hand Weapons
 b - the +10 great mace of Ritrid (weapon) {flame, Will+ Str+2}
   (You acquired it on level 6 of the Dungeon)

   Str+2:     It affects your strength (+2).
   Will+:     It increases your willpower.
 s - a +1 flail of protection
 E - a +2 morningstar of draining
 F - a +5 heavy flail
 H - the +6 war axe "Vatuanue" {holy, +Blink rN+++ Will+ Dex-4}
   (You found it on level 7 of the Dungeon)

   Dex-4:     It affects your dexterity (-4).
   rN+++:     It renders you almost immune to negative energy.
   Will+:     It increases your willpower.
   +Blink:    It lets you blink.
Armour
 a - a +2 hat of willpower (worn)
 k - a +2 pair of boots (worn)
 q - a +2 tower shield
 G - an orb of mayhem
 K - the +7 Kryia's mail coat (worn) {PotionHeal*2 rC+}
   (You found it on level 8 of the Dungeon)

   PotionHeal*2: Potions heal its wearer twice as much.
   rC+:       It protects you from cold.
 L - a +0 plate armour
 O - a +2 cloak of willpower (worn)
Jewellery
 u - a ring of protection from fire
 x - a ring of willpower (left hand)
 I - a ring of resist corrosion
 M - a +6 ring of strength (right hand)
Talismans
 j - a beast talisman
Wands
 J - a wand of flame (12)
Scrolls
 d - a scroll of silence
 f - 2 scrolls of fear
 g - 2 scrolls of poison
 h - 3 scrolls of noise
 l - a scroll of blinking {unknown}
 o - a scroll of butterflies {unknown}
 p - 2 scrolls of amnesia
 r - 3 scrolls of vulnerability
 v - 2 scrolls of identify
 w - a scroll of enchant weapon
 B - 2 scrolls of torment
 C - a scroll of brand weapon
 D - 2 scrolls of revelation {unknown}
Potions
 c - 2 potions of brilliance {unknown}
 e - a potion of enlightenment {unknown}
 m - a potion of lignification {unknown}
 n - 3 potions of curing {unknown}
 t - a potion of haste {unknown}
 A - a potion of mutation {unknown}
 N - a potion of degeneration {unknown}


   Skills:
 + Level 12.1 Fighting
 + Level 17.2 Maces & Flails
 + Level 11.2 Armour
 + Level 6.7 Dodging
 + Level 2.1 Stealth
 + Level 7.7 Shields
 + Level 2.8 Shapeshifting


You had 11 spell levels left.
You didn't know any spells.
Your spell library was empty.

Dungeon Overview and Level Annotations

Branches:
Dungeon (10/15)            Temple (0/1) D:5            Lair (0/5) D:10
    Orc (2/2) D:10            Elf (1/3) Orc:2

Altars:
Ashenzari
Cheibriados
Dithmenos
Gozag
Hepliaklqana
Kikubaaqudgha
Okawaru
Ru
Trog
Vehumet
Yredelemnul
Zin

Shops:
Orc:2 :(?[

Annotations:
Orc:2 exclusion: obsidian statue


Innate Abilities, Weirdness & Mutations

You have a pair of horns on your head.
You reflexively headbutt those who attack you in melee.
You are strong-willed. (Will+)


Message History

The fire elemental hits you. The fire elemental burns you!
You closely miss the fire elemental. You headbutt the fire elemental.
You destroy the fire elemental!
The fire elemental disappears in a puff of smoke!
The fire elemental barely misses you. You furiously retaliate!
You headbutt the fire elemental! You bludgeon the fire elemental!!
You destroy the fire elemental!
The fire elemental disappears in a puff of smoke!
The fire elemental barely misses you. You furiously retaliate!
You headbutt the fire elemental!! You closely miss the fire elemental.
The fire elemental is severely damaged.
The fire elemental hits you. The fire elemental burns you!
The fire elemental barely misses you.
You thump the fire elemental!
The fire elemental is almost destroyed.
The fire elemental closely misses you. You furiously retaliate!
You headbutt the fire elemental!
You destroy the fire elemental!
The fire elemental disappears in a puff of smoke!
The deep elf zephyrmancer casts a spell.
The deep elf zephyrmancer blinks!
You bludgeon the fire elemental!!
You destroy the fire elemental!
The fire elemental disappears in a puff of smoke!
The deep elf pyromancer casts a spell at you.
The bolt of fire hits the fire elemental.
The fire elemental completely resists.
The bolt of fire hits you!!
* * * LOW HITPOINT WARNING * * *
The fire elemental hits you. The fire elemental burns you!
* * * LOW HITPOINT WARNING * * *
As you read the scroll of fog, it dissolves into smoke.
The fire elemental disappears in a puff of smoke!
The deep elf pyromancer gestures at you while chanting.
The pyre arrow hits you.
You are covered in intense liquid fire!
You shake off some of the fire as you move.
The liquid fire burns you!
You die...

#.ß.....ß.# ##.....#######.
#.........# #.......'....'.
###.........###
#.....).######.
..............# #.......#
#. ###.........#.###
##.....'## ##
###########...###'#...##.##
###.##.########.## #...##
##.## ##@## ##.## ##§##
##.## #### ##§## ##.#
##...##e## #### ##'
#+....§e## #○..## ##
#.....§§######ee...# #.
..(....§°○EE.○e○☼..# ##
##..ß..e°#####°°○..# #
#.......# #...##


There were no monsters in sight!

Vanquished Creatures
  Gastronok (D:8)
  2 deep elf knights (Elf:1)
  5 orc high priests
  Pikel (D:6)
  A deep elf zephyrmancer (Elf:1)
  3 orc knights
  3 deep elf pyromancers (Elf:1)
  Maurice (Orc:2)
  4 orc sorcerers (Orc:2)
  2 elephants (D:10)
  Joseph (D:7)
  5 kobold blastminers (Orc:2)
  Maggie (D:6)
  An unseen horror (D:10)
  Jeremiah (D:8)
  A komodo dragon (D:10)
  2 trolls
  Grinder (D:4)
  Prince Ribbit (D:5)
  A shadow (D:10)
  Sigmund (D:5)
  A wyvern (D:7)
  Eustachio (D:5)
  8 yaks
  Grum (D:8)
  2 wargs
  An acid dragon (D:10)
  2 vampire mosquitoes (D:10)
  2 black bears
  2 sky beasts (D:7)
  26 orc warriors
  An ice beast (D:5)
  5 ogres
  3 wolves (D:8)
  A centaur (shapeshifter) (Elf:1)
  2 kobold brigands
  3 scorpions
  3 bullfrogs
  8 wights
  A bombardier beetle (D:5)
  4 howler monkeys
  2 hounds (D:7)
  2 jellies
  42 orc priests
  Crazy Yiuf (D:4)
  2 iguanas (D:7)
  33 orc wizards
  Natasha (D:4)
  A sleepcap (D:7)
  Robin (D:3)
  4 adders
  A shadow imp (D:8)
  2 white imps
  4 ufetubi
  A dart slug (D:3)
  5 ribbon worms
  78 orcs
  5 ball pythons
  6 endoplasms
  5 giant cockroaches
  16 goblins
  12 hobgoblins
  2 jackals (D:4)
  4 quokkas
  5 bats
  6 frilled lizards
  20 kobolds
  5 rats
382 creatures vanquished.

Vanquished Creatures (others)
  A deep elf pyromancer (Elf:1)
  An orc wizard (Orc:2)
2 creatures vanquished.

Grand Total: 384 creatures vanquished

Notes
Turn   | Place    | Note
-------+----------+-------------------------------------------
     0 | D:1      | n00bmints the Minotaur Berserker began the quest for the
                  | Orb.
     0 | D:1      | Reached XP level 1. HP: 19/19 MP: 0/0
    34 | D:1      | Reached XP level 2. HP: 23/27 MP: 1/1
    79 | D:1      | Reached skill level 4 in Maces & Flails
   331 | D:1      | Reached XP level 3. HP: 32/33 MP: 2/2
   364 | D:1      | Reached ** piety under Trog
   375 | D:1      | Found a faded altar of an unknown god.
   879 | D:2      | Reached XP level 4. HP: 40/41 MP: 3/3
   918 | D:2      | Reached skill level 5 in Maces & Flails
  1113 | D:2      | Found a bloodstained altar of Trog.
  1573 | D:3      | Noticed Robin
  1578 | D:3      | Killed Robin
  1589 | D:3      | Reached skill level 5 in Fighting
  1589 | D:3      | Reached XP level 5. HP: 35/48 MP: 4/4
  1860 | D:3      | Found a sacrificial altar of Ru.
  1892 | D:3      | Found a basalt altar of Yredelemnul.
  1908 | D:3      | Found a shadowy altar of Dithmenos.
  2484 | D:4      | Noticed Grinder
  2490 | D:4      | Paralysed by Grinder for 2 turns
  2500 | D:4      | Paralysed by Grinder for 3 turns
  2505 | D:4      | Killed Grinder
  2506 | D:4      | Reached skill level 6 in Maces & Flails
  2506 | D:4      | Reached skill level 1 in Shields
  2506 | D:4      | Reached skill level 1 in Shapeshifting
  2506 | D:4      | Reached XP level 6. HP: 39/56 MP: 5/5
  2758 | D:4      | Found a broken altar of Ashenzari.
  2758 | D:4      | Found an iron altar of Okawaru.
  2758 | D:4      | Found a radiant altar of Vehumet.
  2799 | D:4      | Reached XP level 7. HP: 43/61 MP: 6/6
  2919 | D:4      | Found a glowing silver altar of Zin.
  2982 | D:4      | Found a runed translucent door.
  2983 | D:4      | Noticed Crazy Yiuf
  3178 | D:4      | Noticed Natasha
  3190 | D:4      | Killed Natasha
  3472 | D:4      | Killed Crazy Yiuf
  3582 | D:5      | Entered Level 5 of the Dungeon
  3610 | D:5      | Noticed Eustachio
  3815 | D:5      | Killed Eustachio
  3858 | D:5      | Reached skill level 7 in Maces & Flails
  3858 | D:5      | Reached skill level 5 in Armour
  3966 | D:5      | Found a staircase to the Ecumenical Temple.
  4047 | D:5      | Noticed Prince Ribbit
  4054 | D:5      | Killed Prince Ribbit
  4055 | D:5      | Reached XP level 8. HP: 70/70 MP: 7/7
  4133 | D:5      | Noticed Sigmund
  4158 | D:5      | Killed Sigmund
  4159 | D:5      | Reached skill level 8 in Maces & Flails
  4159 | D:5      | Reached skill level 5 in Shields
  4821 | D:6      | Noticed Maggie
  4842 | D:6      | Killed Maggie
  4983 | D:6      | Reached XP level 9. HP: 78/78 MP: 8/8
  5007 | D:6      | Noticed Pikel
  5016 | D:6      | Killed Pikel
  5784 | D:6      | Found an ancient bone altar of Kikubaaqudgha.
  5905 | D:6      | Identified a scroll of acquirement
  5909 | D:6      | Acquired the +10 great mace of Ritrid {flame, Will+ Str+2}
  6070 | D:7      | Noticed Joseph
  6088 | D:7      | Killed Joseph
  6089 | D:7      | Reached skill level 9 in Maces & Flails
  6348 | D:7      | Identified the +6 war axe "Vatuanue" {holy, +Blink rN+++
                  | Will+ Dex-4}
  6801 | D:7      | Reached skill level 1 in Stealth
  6820 | D:7      | Identified the +8 dagger "Hydraslayer" {drain, rElec rPois
                  | rF+ Str+4}
  7116 | D:7      | Reached skill level 10 in Maces & Flails
  7296 | D:8      | Noticed Gastronok
  7305 | D:8      | Killed Gastronok
  7306 | D:8      | Reached skill level 11 in Maces & Flails
  7306 | D:8      | Reached XP level 10. HP: 88/88 MP: 9/9
  7785 | D:8      | Noticed Jeremiah
  8001 | D:8      | Killed Jeremiah
  8002 | D:8      | Reached skill level 12 in Maces & Flails
  8231 | D:8      | Identified the +0 pair of boots of Baeclopp {rF+ Regen+
                  | Str-2 Int+2}
  8348 | D:8      | Noticed Grum
  8353 | D:8      | Killed Grum
  8461 | D:8      | Found the +7 Kryia's mail coat {PotionHeal*2 rC+}
 10112 | D:9      | Found a snail-covered altar of Cheibriados.
 10506 | D:10     | Entered Level 10 of the Dungeon
 10557 | D:10     | Found an opulent altar of Gozag.
 10737 | D:10     | Noticed an elephant
 10739 | D:10     | Reached skill level 13 in Maces & Flails
 10798 | D:10     | Killed an elephant
 10799 | D:10     | Reached XP level 11. HP: 97/97 MP: 10/10
 10944 | D:10     | Found a staircase to the Orcish Mines.
 11133 | D:10     | Found a hazy altar of Hepliaklqana.
 11289 | D:10     | Found a staircase to the Lair.
 12022 | Orc:1    | Entered Level 1 of the Orcish Mines
 12022 | Orc:1    | Noticed an orc high priest
 12042 | Orc:1    | Killed an orc high priest
 12043 | Orc:1    | Reached skill level 14 in Maces & Flails
 12043 | Orc:1    | Reached skill level 5 in Dodging
 12046 | Orc:1    | Reached skill level 10 in Fighting
 12327 | Orc:2    | Entered Level 2 of the Orcish Mines
 12327 | Orc:2    | Noticed Maurice
 12334 | Orc:2    | Noticed an orc knight
 12336 | Orc:2    | Killed Maurice
 12349 | Orc:2    | Killed an orc knight
 12350 | Orc:2    | Reached skill level 10 in Armour
 12687 | Orc:2    | Noticed an orc knight
 12729 | Orc:2    | Noticed an orc high priest
 12731 | Orc:2    | Noticed an orc high priest
 12732 | Orc:2    | Noticed an orc sorcerer
 12736 | Orc:2    | Killed an orc knight
 12737 | Orc:2    | Noticed a sixfirhy
 12739 | Orc:2    | HP: 5/101 [orc priest/divine providence (9)]
 12796 | Orc:2    | Reached skill level 15 in Maces & Flails
 12877 | Orc:2    | Noticed an orc high priest
 12880 | Orc:2    | Gained mutation: You are strong-willed. (Will+) [a neqoxec]
 12887 | Orc:2    | Killed an orc high priest
 12888 | Orc:2    | Reached XP level 12. HP: 108/108 MP: 11/11
 12889 | Orc:2    | Killed an orc high priest
 13111 | Orc:2    | Found a staircase to the Elven Halls.
 13163 | Orc:2    | Killed an orc high priest
 13568 | Orc:2    | Noticed an orc high priest
 13576 | Orc:2    | Found Pupom's Armour Shoppe.
 13576 | Orc:2    | Found Yhuliar's Book Emporium.
 13576 | Orc:2    | Found Coajelai's Magic Scroll Shoppe.
 13576 | Orc:2    | Found Uvvy's Weapon Emporium.
 13588 | Orc:2    | Reached skill level 16 in Maces & Flails
 13858 | Orc:2    | Killed an orc high priest
 14493 | Elf:1    | Entered Level 1 of the Elven Halls
 14509 | Elf:1    | Reached skill level 17 in Maces & Flails
 14852 | Elf:1    | Incinerated by a deep elf pyromancer

Illustrated notes

Levels and vault maps discovered:
D:1:      mainiacjoe_arrival_oval_in_oval, layout_loops_cross,
          shapermc_ecumenical_altar_rom_forum
D:2:      layout_loops_ring, basic_altar, minmay_misc_feat_plants
D:3:      layout_rooms, mainiacjoe_overflow_catwalk,
          mainiacjoe_overflow_24_doors, lemuel_crystal_altar, kennysheep_donut,
          uniq_robin
D:4:      layout_basic, zin_statuary, gammafunk_temple_overflow_forgotten,
          uniq_grinder, uniq_crazy_yiuf_cottage, uniq_natasha
D:5:      layout_rooms, minmay_temple_entry_statues_pillars, uniq_eustachio,
          uniq_prince_ribbit1, uniq_sigmund
D:6:      layout_loops_cross, lemuel_coloured_pillars_altar, serial_library,
          serial_library_hellmonk_big_corner,
          serial_library_hellmonk_angled_corner,
          serial_library_hellmonk_hallway_b,
          serial_library_hellmonk_reading_circle,
          serial_library_regret_index_multi, serial_library_hellmonk_room_a,
          serial_library_hellmonk_h_bend, serial_library_hellmonk_room_a,
          serial_library_hellmonk_filled_rooms, roderic_serpentine_path,
          uniq_pikel, uniq_maggie
D:7:      nicolae_cairo_tiling, layout_basic, minmay_checkerbox, uniq_joseph
D:8:      layout_basic, uniq_grum, uniq_jeremiah, uniq_gastronok
D:9:      layout_cave_pods, chei_slow_surprise, nicolae_sextant,
          serial_bayou_crossing
D:10:     layout_long_grid, worldfamousw_hep_ancestral_shrine,
          grunt_gozag_statues, grunt_lair_entry_orc_guard_hut, hiddenorc1_lemuel
Orc:1:    nicolae_orc_accident_1, layout_caves
Orc:2:    st_orc_mages, layout_caves, serial_shops, statue_bzr, library_closet,
          uniq_maurice
Elf:1:    eino_elf_arrival_the_gate, layout_geoelf_grid,
          kennysheep_underground_church, grunt_megastairs_1

Skill      XL: |  1  2  3  4  5  6  7  8  9 10 11 12 |
---------------+-------------------------------------+-----
Fighting       | 4 5 6 7 9 10 12 | 12.1
Maces & Flails | 4 5 6 7 8 11 13 15 17 | 17.2
Armour         | 3 4 5 6 8 9 10 11 | 11.2
Shields        | 1 4 6 7 |  7.7
Shapeshifting  | 1 2 |  2.8
Dodging        | 3 4 6 |  6.7
Stealth        | 1 2 |  2.1

Action                     |  1- 3 |  4- 6 |  7- 9 | 10-12 || total
---------------------------+-------+-------+-------+-------++-------
  Melee: Mace              |    73 |   150 |    10 |       ||   233
         Headbutt          |    10 |    19 |    32 |    62 ||   123
         Flail             |       |       |   136 |       ||   136
         Morningstar       |       |       |     6 |       ||     6
         Great mace        |       |       |    56 |   460 ||   516
 Invoke: Trog's Hand       |       |     7 |    20 |    53 ||    80
         Berserk           |       |     1 |     6 |    15 ||    22
    Use: Scroll            |       |     6 |     8 |     8 ||    22
         Potion            |       |       |       |     5 ||     5
 Armour: Animal skin       |     4 |       |       |       ||     4
         Chain mail        |    62 |   112 |   209 |    40 ||   423
         Scale mail        |       |       |       |   539 ||   539
  Dodge: Dodged            |    38 |    53 |    69 |   302 ||   462
  Block: Tower shield      |       |    25 |   148 |       ||   173
         Kite shield       |       |     5 |       |       ||     5
   Form: Beast             |       |     4 |     2 |       ||     6
                           |       |     3 |     3 |       ||     6

Table legend: (Time is in decaauts)
 A = Elapsed time spent in this place.
 B = Non-inter-level travel time spent in this place.
 C = Inter-level travel time spent in this place.
 D = Time resting spent in this place.
 E = Time spent auto-exploring this place.
 F = Levels seen in this place.
 G = Mean time per level.
                   A        B        C        D        E       F      G
               +--------+--------+--------+--------+--------+-----+--------+
         Total |  15179 |  14040 |   1139 |      0 |   4470 |  13 | 1167.6 |
       Dungeon |  12345 |  11610 |    735 |      0 |   4387 |  10 | 1234.5 |
  Orcish Mines |   2458 |   2115 |    343 |      0 |     83 |   2 | 1229.0 |
   Elven Halls |    375 |    314 |     61 |      0 |      0 |   1 |  375.0 |
               +--------+--------+--------+--------+--------+-----+--------+

Top non-repeatable levels by time:
     D:9: 1781 daAuts
     D:8: 1584 daAuts
     D:7: 1491 daAuts
    D:10: 1365 daAuts
     D:6: 1326 daAuts
   Orc:2: 1297 daAuts
     D:4: 1288 daAuts
   Orc:1: 1161 daAuts
     D:5: 980 daAuts
     D:3: 936 daAuts
     D:2: 833 daAuts
     D:1: 757 daAuts
   Elf:1: 375 daAuts
